 Dungeon Crawl Stone Soup version 0.22-a0-609-gfedc9ff (webtiles) character file.

836 digijack the Skirmisher (level 7, 0/66 HPs)
             Began as a Black Draconian Skald on July 9, 2018.
             Was a Follower of Ashenzari.
             Succumbed to a gnoll's poison
             ... on level 5 of the Dungeon on July 10, 2018.
             The game lasted 00:28:08 (4405 turns).

digijack the Skirmisher (Black Draconian Skald)     Turns: 4405, Time: 00:28:08

Health: 0/66       AC: 10    Str: 13    XL:     7   Next: 66%
Magic:  1/13       EV: 28    Int: 15    God:    Ashenzari [*.....]
Gold:   364        SH:  0    Dex: 11    Spells: 9/14 levels left

rFire    . . .     SeeInvis .   a - +1 spear
rCold    . . .     Gourm    .   (no shield)
rNeg     . . .     Faith    .   (armour unavailable)
rPois    .         Spirit   .   (helmet restricted)
rElec    +         Reflect  .   j - +0 cloak (curse)
rCorr    .         Harm     .   (no gloves)
MR       .....                  e - +2 pair of boots (curse)
Stlth    +.........             i - amulet of the acrobat (curse)
HPRegen  0.21/turn              (no ring)
MPRegen  0.13/turn              (no ring)

@: lethally poisoned (0 -> -11), infused, singing (expiring)
A: breathe lightning, unfitting armour, robust 1, electricity resistance,
cold-blooded, subdued magic 1, AC +6
a: Breathe Lightning, Curse Item, Scrying, Renounce Religion


You were on level 5 of the Dungeon.
You worshipped Ashenzari.
Ashenzari was aware of your devotion.
You were hungry.

You visited 1 branch of the dungeon, and saw 5 of its levels.

You collected 364 gold pieces.

Inventory:

Hand Weapons
 a - a +1 spear (weapon)
Armour
 e - a cursed +2 pair of boots (worn)
 j - a cursed +0 cloak (worn)
Jewellery
 i - a cursed amulet of the acrobat (around neck)
Wands
 f - a wand of digging (15)
Scrolls
 b - a scroll of teleportation
 g - 3 scrolls of remove curse
 h - 5 scrolls of identify
Potions
 d - a potion of flight
Comestibles
 c - 7 rations
 k - 6 chunks of flesh


   Skills:
 + Level 4.7 Fighting
 + Level 4.2 Polearms
 + Level 4.0 Dodging
 + Level 4.0 Spellcasting
 + Level 4.4 Charms


You had 9 spell levels left.
You knew the following spells:

 Your Spells              Type           Power        Failure   Level  Hunger
a - Infusion              Chrm           ##..         2%          1    None
b - Song of Slaying       Chrm           ##......     3%          2    ##.....
c - Shroud of Golubria    Chrm/Tloc      #.........   9%          2    ##.....

Your spell library contained the following spells:

 Spells                   Type           Power        Failure   Level  Hunger
 Regeneration             Chrm/Necr      #.........   19%         3    ###....
 Spectral Weapon          Hex/Chrm       #.......     19%         3    ###....


Dungeon Overview and Level Annotations

Branches:
Dungeon (5/15)
 Temple: D:4-7

Altars:
Ashenzari
Gozag
Makhleb
Nemelex Xobeh
Qazlal
Sif Muna
Vehumet
Xom
Zin


Innate Abilities, Weirdness & Mutations

You can breathe wild blasts of lightning.
Your glossy black scales are hard. (AC +6)
You cannot fit into any form of body armour.
You are resistant to electric shocks. (rElec)
You are cold-blooded and may be slowed by cold attacks.
You are robust. (+10% HP)
Your spells are a little easier to cast, but a little less powerful.


Message History

You feel sick.
* * * LOW HITPOINT WARNING * * *
You feel sick.
* * * LOW HITPOINT WARNING * * *
You feel sick.
There is a stone staircase leading up, spattered with blood here.
Casting: Shroud of Golubria (safe; 9% risk of failure)
Confirm with . or Enter, or press ? or * to list all spells.
You don't know that spell.
Unknown command.
Casting: Shroud of Golubria (safe; 9% risk of failure)
Confirm with . or Enter, or press ? or * to list all spells.
Okay, then.
* * * LOW HITPOINT WARNING * * *
You feel sick.
Some of the chunks of flesh in your inventory have rotted away.
* * * LOW HITPOINT WARNING * * *
You feel sick.
Your song is almost over.
You die...

#....# .# #....#
#.########.####. ..
.............
##.#########.###..
..................
#..#########.####.
##...####.....#
#.@#......#####
##.#######...# ##).#
##..#...# ## #.<###
##..####....##
#....###..########...
#..#..##.............
##..##..#.#####....###
#......)..#####.##..##
#.........##..[.###..#


There were no monsters in sight!

Vanquished Creatures
  Menkaure (D:4)
  A sky beast (D:5)
  An ogre (D:4)
  2 crimson imps
  A bullfrog zombie (D:5)
  3 hounds (D:5)
  A jelly (D:5)
  2 orc wizards (D:5)
  Terence (D:3)
  A worker ant (D:3)
  7 gnolls
  A howler monkey skeleton (D:4)
  8 adders
  An ooze (D:3)
  A worm (D:3)
  2 dart slugs
  2 leopard geckos
  3 orcs (D:5)
  6 bats
  4 giant cockroaches
  4 goblins
  6 hobgoblins
  2 jackals (D:3)
  2 quokkas
  A ball python (D:3)
  A ball python skeleton (D:3)
  8 frilled lizards
  7 kobolds
  A quokka zombie (D:5)
  4 rats
85 creatures vanquished.

Vanquished Creatures (others)
  An orc (D:5)
1 creature vanquished.

Grand Total: 86 creatures vanquished

Notes
Turn   | Place    | Note
-------+----------+-------------------------------------------
     0 | D:1      | digijack the Draconian Skald began the quest for the Orb.
     0 | D:1      | Reached XP level 1. HP: 17/17 MP: 3/3
    88 | D:1      | Found a shattered altar of Ashenzari.
    99 | D:1      | Reached XP level 2. HP: 15/25 MP: 5/5
   104 | D:1      | Learned a level 2 spell: Song of Slaying
   266 | D:1      | Became a worshipper of Ashenzari the Shackled
   887 | D:2      | Found a radiant altar of Vehumet.
   912 | D:2      | Reached XP level 3. HP: 25/30 MP: 6/6
   993 | D:2      | Found a glowing silver altar of Zin.
  1019 | D:2      | Found a deep blue altar of Sif Muna.
  1070 | D:2      | Found a stormy altar of Qazlal.
  1543 | D:3      | Reached XP level 4. HP: 14/37 MP: 7/7
  1931 | D:3      | Reached * piety under Ashenzari
  2038 | D:3      | Gained mutation: Your spells are a little easier to cast, but a little less powerful. [potion of mutation]
  2038 | D:3      | Gained mutation: You are robust. (+10% HP) [potion of mutation]
  2062 | D:3      | Learned a level 2 spell: Shroud of Golubria
  2242 | D:3      | Noticed Terence
  2278 | D:3      | Killed Terence
  2345 | D:3      | Found a shimmering altar of Xom.
  2345 | D:3      | Found a burning altar of Makhleb.
  2379 | D:3      | Reached XP level 5. HP: 29/49 MP: 3/9
  2697 | D:4      | Upgraded the game from 0.22-a0-608-g8a62e23 to 0.22-a0-609-gfedc9ff
  2699 | D:4      | Noticed Menkaure
  2709 | D:4      | Killed Menkaure
  2709 | D:4      | Reached XP level 6. HP: 31/56 MP: 2/10
  3662 | D:4      | Found a sparkling altar of Nemelex Xobeh.
  3664 | D:4      | Found an opulent altar of Gozag.
  3808 | D:5      | Entered Level 5 of the Dungeon
  3840 | D:5      | Your scales start taking on a glossy black colour.
  3840 | D:5      | Reached XP level 7. HP: 58/64 MP: 1/12
  3840 | D:5      | Gained mutation: You are resistant to electric shocks. (rElec) [Black Draconian growth]
  4403 | D:5      | HP: 3/66 [poisoned by a gnoll]
  4404 | D:5      | HP: 1/66 [poisoned by a gnoll]
  4405 | D:5      | Succumbed to a gnoll's poison

Vault maps used:
D:1:      dpeg_arrival_shelter, evilmike_ruin_ashenzari
D:2:      nicolae_overflow_crystal_walls, grunt_temple_overflow_open,
          vehumet_crystals
D:3:      grunt_temple_overflow_champion_of_chaos, first_ration, uniq_terence
D:4:      grunt_temple_overflow_opulence, uniq_menkaure
D:5:      lemuel_round_altar

Skill      XL: |  1  2  3  4  5  6  7 |
---------------+----------------------+-----
Charms         | 3 4 |  4.4
Fighting       | 3 4 |  4.7
Dodging        | 3 4 |  4.0
Polearms       | 3 4 |  4.2
Spellcasting   | 3 4 |  4.0

Action                   |  1- 3 |  4- 6 |  7- 9 || total
-------------------------+-------+-------+-------++-------
Melee: Spear             |   102 |   189 |    88 ||   379
       Tailslap          |    10 |    14 |     3 ||    27
 Cast: Infusion          |       |    21 |     8 ||    29
       Shroud of Golubri |       |     6 |     4 ||    10
       Song of Slaying   |       |     2 |     2 ||     4
Invok: Curse Item        |       |     2 |       ||     2
  Use: Potion            |     2 |     1 |     1 ||     4
       Scroll            |     7 |     2 |     1 ||    10
 Stab: Sleeping          |     1 |     2 |     2 ||     5
       Invisible         |       |     1 |     5 ||     6
  Eat: Chunk             |     1 |     4 |       ||     5
       Ration            |       |     2 |       ||     2
Armor: Skin              |    19 |    42 |    20 ||    81
Dodge: Dodged            |    39 |    79 |    49 ||   167

Table legend:
 A = Spawn XP
 B = Non-spawn XP
 C = Spawn XP percentage of total XP
 D = Spawn monster count
 E = Non-spawn monster count
 F = Spawn count percentage of total count
 G = Total turns spent on level
                    A         B        C        D         E        F      G
               +---------+---------+-------+---------+---------+-------+---------
         Total |       0 |    1195 |   0.0 |       0 |      85 |   0.0 |  4405
               +---------+---------+-------+---------+---------+-------+---------
           D:1 |       0 |      25 |   0.0 |       0 |      15 |   0.0 |   811
           D:2 |       0 |      43 |   0.0 |       0 |      12 |   0.0 |   722
           D:3 |       0 |     190 |   0.0 |       0 |      29 |   0.0 |  1163
           D:4 |       0 |     366 |   0.0 |       0 |       8 |   0.0 |  1114
           D:5 |       0 |     571 |   0.0 |       0 |      21 |   0.0 |   595
               +---------+---------+-------+---------+---------+-------+---------
